 Dungeon Crawl Stone Soup version 0.22-a0-179-gb5258fd (webtiles) character file.

18 wolfsongas the Protected (level 2, 0/20 HPs)
             Began as a Gnoll Wanderer on Feb 13, 2018.
             Slain by a quokka (5 damage)
             ... on level 2 of the Dungeon.
             The game lasted 00:01:43 (1962 turns).

wolfsongas the Protected (Gnoll Wanderer)           Turns: 1962, Time: 00:01:43

Health: 0/20       AC:  2    Str: 12 (14) XL:     2   Next: 70%
Magic:  5/5        EV:  9    Int: 14 (16) God:
Gold:   45         SH:  8    Dex: 10 (12) Spells: 5/6 levels left

rFire    . . .     SeeInvis .   e - +0 club
rCold    . . .     Gourm    .   a - +0 shield
rNeg     . . .     Faith    .   d - +0 robe
rPois    .         Spirit   .   (no helmet)
rElec    .         Reflect  .   (no cloak)
rCorr    .         Harm     .   (no gloves)
MR       .....                  (no boots)
Stlth    +.........             (no amulet)
HPRegen  0.06/turn              (no ring)
MPRegen  0.09/turn              (no ring)

@: no status effects
A: distributed training, fangs 1, strong nose
a: no special abilities


You were on level 2 of the Dungeon.
You were not hungry.

You visited 1 branch of the dungeon, and saw 2 of its levels.

You collected 45 gold pieces.

Inventory:

Hand Weapons
 e - a +0 club (weapon)
Missiles
 k - 6 javelins (quivered)
Armour
 a - a +0 shield (worn)
 d - a +0 robe (worn)
Scrolls
 h - a scroll of remove curse {unknown}
Potions
 c - a potion of lignification
 g - a potion of resistance {unknown}
 i - a potion of curing {unknown}
 j - a potion of degeneration
Books
 b - the Handbook of the Traveller

   Spells                             Type                      Level
   a - Apportation                    Translocation                1
   b - Portal Projectile              Hexes/Translocation          3


   Skills:
 + Level 0.5 Fighting
 + Level 0.5 Short Blades
 + Level 0.5 Long Blades
 + Level 0.5 Axes
 + Level 0.5 Maces & Flails
 + Level 0.5 Polearms
 + Level 0.5 Staves
 + Level 0.5 Slings
 + Level 0.5 Bows
 + Level 0.5 Crossbows
 + Level 2.5 Throwing
 + Level 10.3 Armour
 + Level 0.5 Dodging
 + Level 0.5 Stealth
 + Level 2.5 Shields
 + Level 0.5 Unarmed Combat
 + Level 2.7 Spellcasting
 + Level 0.3 Conjurations
 + Level 0.3 Hexes
 + Level 0.3 Charms
 + Level 0.3 Summonings
 + Level 0.3 Necromancy
 + Level 0.3 Translocations
 + Level 0.3 Transmutations
 + Level 0.3 Fire Magic
 + Level 3.7 Ice Magic
 + Level 0.3 Air Magic
 + Level 0.3 Earth Magic
 + Level 0.3 Poison Magic
 + Level 0.6 Invocations
 + Level 0.5 Evocations


You had 5 spell levels left.
You knew the following spells:

 Your Spells              Type           Power        Failure   Level  Hunger
a - Apportation           Tloc           #.....       67%         1    #......


Dungeon Overview and Level Annotations

Branches:
Dungeon (2/15)

Altars:


Innate Abilities, Weirdness & Mutations

Your experience applies equally to all skills.
You have very sharp teeth.
Your uncanny sense of smell can sniff out nearby items.


Message History

You closely miss the kobold. You block the kobold's attack.
You barely miss the kobold. The kobold hits you but does no damage.
The kobold hits you.
A quokka comes into view.
You hit the kobold.
The kobold is moderately wounded.
The quokka twitches its whiskers.
You block the kobold's attack.
Your shield prevents you from hitting the kobold.
The kobold is moderately wounded.
The kobold hits you.
You miss the kobold. Your bite misses the kobold.
The kobold is moderately wounded.
The kobold barely misses you. The quokka bites you.
* * * LOW HITPOINT WARNING * * *
The kobold misses you.
You hit the kobold.
The kobold is severely wounded.
The quokka bites you.
You die...

.. .#.. ... #..
... #... #..# #..
.... . #...##.###
..# ..
........##..#...
#............!<
...####..<........
#.....<..@†......
#.###....rK......
#.....#.r.....
....#...#.......
##.##...........
#. ..#.#....... #
#..#.#.......
...#.#.......


You could see 2 quokkas and a kobold.

Vanquished Creatures
  2 dart slugs (D:1)
  2 giant cockroaches
  A goblin (D:1)
  3 hobgoblins (D:1)
  2 bats (D:1)
  A frilled lizard (D:1)
  3 kobolds (D:1)
  A rat (D:1)
15 creatures vanquished.

Notes
Turn   | Place    | Note
-------+----------+-------------------------------------------
     0 | D:1      | Reached skill level 10 in Armour
     0 | D:1      | wolfsongas the Gnoll Wanderer began the quest for the Orb.
     0 | D:1      | wolfsongas set off with: a +0 shield, the Handbook of the Traveller, a potion of lignification, a +0 robe, a +0 club, a ration
     0 | D:1      | Reached XP level 1. HP: 13/13 MP: 4/4
     0 | D:1      | Identified the Handbook of the Traveller
     2 | D:1      | Learned a level 1 spell: Apportation
  1065 | D:1      | Reached XP level 2. HP: 17/19 MP: 5/5
  1962 | D:2      | Slain by a quokka

Vault maps used:
D:1:      minmay_arrival_nine_rooms
D:2:      lemuel_doored_altar, first_ration, minmay_misc_feat_rows,
          minmay_quantized

Skill      XL: | |
---------------+-+-----
Armour         | | 10.3
Fighting       | |  0.5
Short Blades   | |  0.5
Long Blades    | |  0.5
Axes           | |  0.5
Maces & Flails | |  0.5
Polearms       | |  0.5
Staves         | |  0.5
Slings         | |  0.5
Bows           | |  0.5
Crossbows      | |  0.5
Throwing       | |  2.5
Dodging        | |  0.5
Stealth        | |  0.5
Shields        | |  2.5
Unarmed Combat | |  0.5
Spellcasting   | |  2.7
Conjurations   | |  0.3
Hexes          | |  0.3
Charms         | |  0.3
Summonings     | |  0.3
Necromancy     | |  0.3
Translocations | |  0.3
Transmutations | |  0.3
Fire Magic     | |  0.3
Ice Magic      | |  3.7
Air Magic      | |  0.3
Earth Magic    | |  0.3
Poison Magic   | |  0.3
Invocations    | |  0.6
Evocations     | |  0.5

Action                   || total
-------------------------++-------
Melee: Club              ||    70
       Bite              ||    12
  Use: Potion            ||     1
  Eat: Ration            ||     1
       Chunk             ||     1
Armor: Robe              ||    17
Dodge: Dodged            ||    24
Block: Shield            ||    27

Table legend:
 A = Spawn XP
 B = Non-spawn XP
 C = Spawn XP percentage of total XP
 D = Spawn monster count
 E = Non-spawn monster count
 F = Spawn count percentage of total count
 G = Total turns spent on level
                    A         B        C        D         E        F      G
               +---------+---------+-------+---------+---------+-------+---------
         Total |       0 |      27 |   0.0 |       0 |      15 |   0.0 |  1962
               +---------+---------+-------+---------+---------+-------+---------
           D:1 |       0 |      25 |   0.0 |       0 |      14 |   0.0 |  1943
           D:2 |       0 |       2 |   0.0 |       0 |       1 |   0.0 |    19
               +---------+---------+-------+---------+---------+-------+---------
